 Dungeon Crawl Stone Soup version 0.18.1-50-g88ac8fd (webtiles) character file.

84 Gargoyl the Skirmisher (level 4, 0/35 HPs)
             Began as a Demonspawn Abyssal Knight on Oct 7, 2016.
             Was a Believer of Lugonu.
             Slain by a gnoll
             ... wielding a +0 spear
              (5 damage)
             ... on level 2 of the Dungeon on Oct 9, 2016.
             The game lasted 00:04:33 (2294 turns).

Gargoyl the Skirmisher (Demonspawn Abyssal Knight)  Turns: 2294, Time: 00:04:34

Health: 0/35       AC:  9    Str: 18    XL:     4   Next: 23%
Magic:  6/6        EV: 10    Int: 13    God:    Lugonu [**....]
Gold:   104        SH:  3    Dex: 16    Spells: 0 memorised, 3 levels left

rFire  . . .     SeeInvis .     a - +1 hand axe
rCold  . . .     Gourm    .     r - +0 scale mail
rNeg   . . .     Faith    .     m - +0 buckler
rPois  .         Spirit   .     (helmet restricted)
rElec  .         Dismiss  .     (no cloak)
rCorr  .         Reflect  .     f - +2 pair of gloves {Dex+3}
SustAt .         Harm     .     (no boots)
MR     .....                    (no amulet)
Stlth  ..........               (no ring)
                                (no ring)

@: mighty, not resistant to hostile enchantments, extremely unstealthy
A: antennae 1, rot immunity, sturdy frame 1
a: Depart the Abyss, Bend Space, Renounce Religion


You were on level 2 of the Dungeon.
You worshipped Lugonu.
Lugonu was pleased with you.
You were not hungry.

You visited 1 branch of the dungeon, and saw 3 of its levels.
You visited the Abyss 1 time.

You collected 104 gold pieces.

Inventory:

Hand Weapons
 a - a +1 hand axe (weapon)
Armour
 f - a +2 pair of gloves of dexterity (worn)
 m - a +0 buckler (worn)
 r - a +0 scale mail (worn)
Wands
 e - a wand of slowing (31/48)
 g - a wand of paralysis (15/24)
Scrolls
 d - 2 scrolls of identify {unknown}
 i - 2 scrolls of remove curse {unknown}
 k - a scroll of enchant armour {unknown}
 n - a scroll of random uselessness {unknown}
 p - a scroll of magic mapping {unknown}
 q - a scroll of fog {unknown}
Potions
 h - a potion of might
Comestibles
 b - 2 meat rations
 c - 2 bread rations
 j - a beef jerky


   Skills:
 + Level 3.4 Fighting
 + Level 2.2 Axes
 * Level 2.4 Armour
 + Level 2.1 Dodging
 * Level 3.1 Invocations


You had 3 spell levels left.
You didn't know any spells.

Dungeon Overview and Level Annotations

Branches:
Dungeon (3/15)

Altars:
Pakellas

Annotations:
D:3 Sigmund


Innate Abilities, Weirdness & Mutations

You have a pair of small antennae on your head.
You are immune to rotting.
Your movements are slightly less encumbered by armour (ER -2).


Message History

You struggle against the net.
Sigmund hits you from afar with a scythe!
The gnoll hits you with a spear.
You slice the net and break free! The gnoll closely misses you.
The gnoll hits you with a spear. The gnoll barely misses you.
Sigmund hits you from afar with a scythe!
* * * LOW HITPOINT WARNING * * *
The gnoll hits you with a spear.
* * * LOW HITPOINT WARNING * * *
You climb upwards.
There is a stone staircase leading down, spattered with blood here.
Drink which item? (? for menu, Esc to quit)
You feel very mighty all of a sudden. The gnoll hits you with a spear.
* * * LOW HITPOINT WARNING * * *
You hit the gnoll.
The gnoll is heavily wounded.
The gnoll hits you with a spear.
You die...

##..........#.##...#......#
#.......###...#.....#####.#
#.#...#.# ######...## #.#
#.##.##.# ##.## #.# #.##.##.# #.#
#.# #.##.##.# #.# #.# #.##.##.#
##+#######.##### #.......###
##...##.........# ###.......#
##.@g..#.###.###.### #..##.#.#
##........# #.#.#....
###.......###.(.......# #.....###
............'########## #.....# #
###.#.....################....###
#.#.#.#.# ##.§#§§§#.####.#....
#.......# ##§D###§#§##......##
###.##### #####≈#§#§####.##.# #.#
#.._..#§§§# #.##.##


You could see a gnoll.

Vanquished Creatures
  A gnoll (D:2)
  2 adders (D:2)
  An ooze (D:1)
  2 dart slugs (D:1)
  A giant gecko (D:1)
  9 bats
  2 giant cockroaches (D:1)
  6 goblins
  5 hobgoblins
  5 jackals
  2 quokkas (D:2)
  2 giant newts (D:2)
  3 kobolds (D:1)
  4 rats
45 creatures vanquished.

Notes
Turn   | Place    | Note
--------------------------------------------------------------
     0 | Abyss:1  | Gargoyl the Demonspawn Abyssal Knight began the quest for the Orb.
     0 | Abyss:1  | Reached XP level 1. HP: 18/18 MP: 2/2
    58 | Abyss:2  | Noticed a bone dragon
    59 | D:1      | Escaped the Abyss
   164 | D:1      | You fall through a shaft!
   228 | D:1      | Reached * piety under Lugonu
   246 | D:1      | Gained mutation: You have a pair of small antennae on your head. [demonic ancestry]
   246 | D:1      | Reached XP level 2. HP: 21/24 MP: 4/4
   402 | D:1      | Reached skill level 1 in Dodging
   677 | D:1      | Gained mutation: You are immune to rotting. [demonic ancestry]
   677 | D:1      | Reached XP level 3. HP: 29/29 MP: 5/5
  1440 | D:2      | Reached ** piety under Lugonu
  1686 | D:2      | Gained mutation: Your movements are slightly less encumbered by armour (ER -2). [demonic ancestry]
  1686 | D:2      | Reached XP level 4. HP: 26/35 MP: 6/6
  1883 | D:2      | Found an oddly glowing altar of Pakellas.
  1883 | D:2      | Noticed a fire dragon
  1981 | D:3      | Noticed Sigmund
  2294 | D:2      | Slain by a gnoll

Skill      XL: |  1  2  3 |
---------------+----------+-----
Armour         | 2 |  2.4
Dodging        | 1 2 |  2.1
Axes           | 2 |  2.2
Invocations    | 3 |  3.1
Fighting       | |  3.4

Action                   |  1- 3 |  4- 6 || total
-------------------------+-------+-------++-------
Melee: Hand axe          |   147 |    16 ||   163
Invok: Depart the Abyss  |     1 |       ||     1
  Use: Potion            |       |     3 ||     3
 Stab: Sleeping          |     1 |       ||     1
  Eat: Chunk             |     2 |     3 ||     5
Armor: Leather armour    |    40 |       ||    40
       Ring mail         |    33 |       ||    33
       Scale mail        |    18 |    10 ||    28
Dodge: Dodged            |   132 |    10 ||   142
Block: Buckler           |     8 |     4 ||    12
